 Dungeon Crawl Stone Soup version 0.31-a0-431-g88bdf31460 (webtiles) character file.

Game seed: 16963523912557627238

4729 Dirtsage the Grappler (level 10, -4/65 HPs)
             Began as a Demonspawn Shapeshifter on July 31, 2023.
             Was a Believer of Makhleb.
             Slain by a boulder beetle (17 damage)
             ... on level 8 of the Dungeon.
             The game lasted 00:19:11 (7203 turns).

Dirtsage the Grappler (Demonspawn Shapeshifter)     Turns: 7203, Time: 00:19:11

Health: -4/65      AC: 13    Str: 24    XL:     10   Next: 22%
Magic:  10/10      EV:  7    Int: 11    God:    Makhleb [**....]
Gold:   284        SH:  0    Dex: 14    Spells: 9/9 levels left

rFire   . .          .
                       - Unarmed
rCold   . . .        (no shield)
rNeg    . . .        v - +0 plate armour
rPois   .            (helmet currently unavailable)
rElec   .            (cloak currently unavailable)
rCorr   .            (gloves currently unavailable)
SInv    +            (boots currently unavailable)
Will    .....        x - amulet of regeneration Stlth
                     d - +6 ring of strength
HPRegen 1.10/turn    S - ring of see invisible
MPRegen 0.12/turn

%: no passive effects
@: beast-form
A: beast (slay +6), thin metallic scales 2, ignite blood 1, powered by pain 2
a: Begin Untransformation, Renounce Religion, Minor Destruction


You were on level 8 of the Dungeon.
You worshipped Makhleb.
Makhleb was pleased with you.
You were a hulking beast.
You visited 2 branches of the dungeon, and saw 9 of its levels.
You also visited: Ossuary.

You collected 440 gold pieces.
You spent 156 gold pieces at shops.

Inventory:

Missiles
 z - 2 curare-tipped darts
Armour
 a - a +0 animal skin
 f - a +0 ring mail
 v - a +0 plate armour (worn)
 D - a +0 pair of boots
Jewellery
 d - a +6 ring of strength (left hand)
 n - a ring of ice
 x - an amulet of regeneration (around neck)
 F - a ring of protection from fire
 S - a ring of see invisible (right hand)
Talismans
 c - a beast talisman (active)
 y - a blade talisman
Wands
 A - a wand of flame (29)
 K - a wand of light (6)
Scrolls
 g - 2 scrolls of fear
 h - 2 scrolls of amnesia {unknown}
 i - 5 scrolls of identify
 j - 3 scrolls of enchant armour {unknown}
 k - a scroll of torment {unknown}
 p - 2 scrolls of summoning {unknown}
 r - 6 scrolls of immolation
 u - 2 scrolls of blinking {unknown}
 B - a scroll of poison
 E - a scroll of teleportation {unknown}
 H - a scroll of fog {unknown}
Potions
 b - 5 potions of lignification
 e - 2 potions of invisibility {unknown}
 l - 4 potions of ambrosia {unknown}
 m - 2 potions of attraction {unknown}
 o - a potion of brilliance {unknown}
 q - 4 potions of curing
 s - 3 potions of haste {unknown}
 t - 2 potions of might {unknown}
 w - 3 potions of enlightenment {unknown}
 C - a potion of berserk rage {unknown}
 G - 2 potions of resistance {unknown}
 I - 2 potions of heal wounds {unknown}
 J - 2 potions of mutation


   Skills:
 - Level 1.0 Fighting
 - Level 1.7 Dodging
 + Level 10.2 Unarmed Combat
 + Level 8.7 Shapeshifting


You had 9 spell levels left.
You didn't know any spells.
Your spell library contained the following spells:

 Spells                   Type           Power      Damage    Failure   Level
 Slow                     Hex            0%         N/A       100%        1
 Cigotuvi's Dreadful Rot  Necr/Pois/Air  0%         N/A       100%        2
 Ensorcelled Hibernation  Hex/Ice        0%         N/A       100%        2
 Passwall                 Tmut/Erth      0%         N/A       100%        2
 Confusing Touch          Hex            0%         N/A       100%        3
 Ignite Poison            Fire/Tmut/Pois 0%         N/A       100%        3
 Swiftness                Air            0%         N/A       100%        3
 Vampiric Draining        Necr           0%         2d6       100%        3
 Freezing Cloud           Conj/Ice/Air   0%         6-21      100%        5


Dungeon Overview and Level Annotations

Branches:
Dungeon (8/15)             Temple (1/1) D:6         Ossuary (visited)
   Lair: D:8-11

Altars:
Ashenzari
Cheibriados
Dithmenos
Fedhas
Gozag
Hepliaklqana
Makhleb
Nemelex Xobeh
Okawaru
Qazlal
Ru
Sif Muna
Trog
Uskayaw
Vehumet
Wu Jian
Xom
Yredelemnul

Shops:
D:7 :   D:8 ([**

Annotations:
Temple 2 transporters


Innate Abilities, Weirdness & Mutations

You are a hulking beast.
Your limbs bulge with bestial killing power. (Slay +6)
You are mostly covered in thin metallic scales. (AC +3)
Your demonic aura sometimes causes spilled blood to erupt in flames.
You sometimes gain power by taking damage.


Message History

The orc shouts!
There is an open door here.
There is an open door here.
You see here a bullfrog skeleton.
Items here: )) [ ÷÷.
Things that are here:
a yak skeleton; a yak skeleton You see here a +0 chain mail.
A boulder beetle comes into view.
The boulder beetle curls into a ball and begins rolling!
The boulder beetle hits you!
The boulder beetle stops rolling and uncurls.
You take 17 damage, and have 48/65 hp.
MASSIVE DAMAGE!!
You hit the boulder beetle but do no damage.
The boulder beetle bites you!
You take 10 damage, and have 38/65 hp.
You hit the boulder beetle but do no damage.
The boulder beetle bites you!
You take 9 damage, and have 29/65 hp.
You hit the boulder beetle. You punch the boulder beetle.
The boulder beetle is lightly wounded.
The boulder beetle bites you.
You take 2 damage, and have 27/65 hp.
You barely miss the boulder beetle.
The boulder beetle is lightly wounded.
The boulder beetle bites you!!
* * * LOW HITPOINT WARNING * * *
You take 18 damage, and have 9/65 hp.
MASSIVE DAMAGE!!
You punch the boulder beetle!
The boulder beetle is moderately wounded.
The boulder beetle barely misses you.
You hit the boulder beetle but do no damage.
The boulder beetle is moderately wounded.
You punch the boulder beetle!
The boulder beetle is heavily wounded.
The boulder beetle barely misses you.
You hit the boulder beetle but do no damage.
The boulder beetle is heavily wounded.
The boulder beetle bites you!
You die...

#.# .. ###...##.....
#.# ..# ###.#......#..
#.# #.. #..###....##..
#.# ..#
####..###....##.# #.#
#.. .. ###.#......#.#
#.# ..##. ##...##.....
####.# #..# #..###.....
.....# #.B###
#...###.... .[...#
#..##h.# #...##.....
.....#
##..##..######......#..
.....# .......[÷).#
##....##.. )....#
###'#######÷#
##....##.. .....#
#.###......#.. .....#
#.##...##..... .....#
#..'..###..... .....#
####...###.... .....#
#...##.....


You could see a boulder beetle.

Vanquished Creatures
  A wyvern (D:7)
  3 steam dragons (D:8)
  6 yaks (D:8)
  2 water moccasins
  2 orc warriors
  3 ice beasts
  A black bear (D:7)
  3 ogres
  3 centaurs
  3 kobold brigands
  4 bullfrogs
  A gnoll sergeant (D:6)
  14 wights
  An electric eel (D:8)
  2 howler monkeys
  A centaur zombie (Ossuary)
  2 hounds
  A human zombie (Ossuary)
  4 orc priests
  3 iguanas
  2 sleepcaps
  An orc wizard (D:7)
  5 mummies (Ossuary)
  4 gnolls (D:6)
  9 adders
  2 shadow imps
  2 white imps
  An ufetubus (D:7)
  2 worms
  A dart slug (D:5)
  11 orcs
  11 ball pythons
  8 bats
  10 endoplasms
  A giant cockroach (D:4)
  A gnoll zombie (Ossuary)
  4 goblins
  9 hobgoblins
  4 jackals (D:2)
  6 quokkas
  6 frilled lizards
  A goblin zombie (Ossuary)
  20 kobolds
  4 kobold zombies (Ossuary)
  2 rats (D:1)
187 creatures vanquished.

Notes
Turn   | Place    | Note
-------+----------+-------------------------------------------
     0 | D:1      | Dirtsage the Demonspawn Shapeshifter began the quest for
                  | the Orb.
     0 | D:1      | Reached XP level 1. HP: 15/15 MP: 1/1
   177 | D:1      | Reached skill level 3 in Unarmed Combat
   213 | D:1      | Gained mutation: You are partially covered in thin metallic
                  | scales. (AC +2) [demonic ancestry]
   213 | D:1      | Reached XP level 2. HP: 20/21 MP: 2/2
   827 | D:2      | Reached XP level 3. HP: 26/26 MP: 3/3
  1647 | D:3      | Reached XP level 4. HP: 31/32 MP: 4/4
  1868 | D:3      | Found a faded altar of an unknown god.
  2218 | D:3      | Reached skill level 4 in Unarmed Combat
  2224 | D:3      | Reached XP level 5. HP: 9/37 MP: 5/5
  2838 | D:4      | Found an ornate altar of the Wu Jian Council.
  3000 | D:5      | Entered Level 5 of the Dungeon
  3104 | D:5      | Gained mutation: You sometimes gain a little power by
                  | taking damage. [demonic ancestry]
  3104 | D:5      | Reached XP level 6. HP: 30/43 MP: 6/6
  3214 | D:5      | Reached skill level 5 in Unarmed Combat
  3440 | D:4      | Gained mutation: Your demonic aura sometimes causes spilled
                  | blood to erupt in flames. [demonic ancestry]
  3440 | D:4      | Reached XP level 7. HP: 7/48 MP: 7/7
  3838 | D:5      | Reached skill level 5 in Shapeshifting
  3996 | D:5      | Reached skill level 6 in Unarmed Combat
  4562 | D:6      | Gained mutation: You sometimes gain power by taking damage.
                  | [demonic ancestry]
  4562 | D:6      | Reached XP level 8. HP: 15/54 MP: 8/8
  4789 | D:6      | Reached skill level 7 in Unarmed Combat
  4814 | D:6      | Found a staircase to the Ecumenical Temple.
  4819 | Temple   | Found a transporter.
  4819 | Temple   | Found a transporter.
  4819 | Temple   | Found a transporter.
  4819 | Temple   | Found a transporter.
  4819 | Temple   | Entered the Ecumenical Temple
  4832 | Temple   | Became a worshipper of Makhleb the Destroyer
  5456 | D:7      | Reached skill level 8 in Unarmed Combat
  5472 | D:7      | Reached XP level 9. HP: 50/59 MP: 9/9
  5945 | D:7      | Reached * piety under Makhleb
  6013 | D:7      | Found Ronweeg's Tiny Tomes.
  6067 | D:7      | Found a sparkling altar of Nemelex Xobeh.
  6355 | D:8      | Found a sand-covered staircase.
  6360 | Ossuary  | Entered an ossuary
  6458 | Ossuary  | Reached skill level 9 in Unarmed Combat
  6677 | D:8      | Found Kishry's Weapon Shop.
  6677 | D:8      | Found Tuimawust's Armour Shoppe.
  6769 | D:8      | Reached ** piety under Makhleb
  6797 | D:8      | Found Ciazun's General Store.
  6799 | D:8      | Found Derexuyk's Assorted Antiques.
  6799 | D:8      | Found Mudoas's Antique Weapon Shop.
  6805 | D:8      | Bought a potion of mutation for 96 gold pieces
  6805 | D:8      | Bought a scroll of identify for 24 gold pieces
  6805 | D:8      | Bought a potion of curing for 36 gold pieces
  6909 | D:8      | Noticed a boulder beetle
  6911 | D:8      | Gained mutation: You are mostly covered in thin metallic
                  | scales. (AC +3) [demonic ancestry]
  6911 | D:8      | Reached XP level 10. HP: 58/65 MP: 10/10
  6936 | D:8      | Reached skill level 10 in Unarmed Combat
  7081 | D:8      | Noticed a centaur warrior
  7191 | D:8      | Noticed a boulder beetle
  7203 | D:8      | Slain by a boulder beetle

Illustrated notes

Levels and vault maps discovered:
D:1:      saegor_arrival_simple_b, layout_loops_ring
D:2:      layout_basic, minmay_hexomino_u4
D:3:      layout_loops_ring, nicolae_ecumenical_snake_handling
D:4:      layout_basic, pdpol_wu_jian_five_deadly_venoms
D:5:      layout_gridville
D:6:      layout_rooms, temple_doors_e, nicolae_sextant
D:7:      layout_basic, nemelex_dance_club_becter, kennysheep_nondescript,
          nicolae_shop_i_like_small_books_too
D:8:      wad_guarded_room, layout_rooms, enter_ossuary_5,
          nicolae_wooded_promenade, grunt_ministairs_10
Temple:   hellmonk_temple_divided_pantheon

Skill      XL: |  1  2  3  4  5  6  7  8  9 10 |
---------------+-------------------------------+-----
Unarmed Combat | 3 4 5 6 8 9 10 | 10.2
Shapeshifting  | 3 4 5 6 8 |  8.7
Fighting       | |  1.0
Dodging        | |  1.7

Action                     |  1- 3 |  4- 6 |  7- 9 | 10-12 || total
---------------------------+-------+-------+-------+-------++-------
  Melee: Unarmed           |   134 |   130 |   253 |    74 ||   591
         Punch             |     1 |     5 |    12 |     7 ||    25
    Use: Scroll            |       |       |     1 |     2 ||     3
 Armour: Animal skin       |     4 |       |       |       ||     4
         Ring mail         |    32 |    47 |       |       ||    79
         Plate armour      |       |     5 |   116 |    43 ||   164
  Dodge: Dodged            |    73 |    62 |    85 |    27 ||   247

Table legend: (Time is in decaauts)
 A = Elapsed time spent in this place.
 B = Non-inter-level travel time spent in this place.
 C = Inter-level travel time spent in this place.
 D = Time resting spent in this place.
 E = Time spent auto-exploring this place.
 F = Levels seen in this place.
 G = Mean time per level.
                   A        B        C        D        E       F      G
               +--------+--------+--------+--------+--------+-----+--------+
         Total |   7140 |   6749 |    391 |    258 |   5216 |  10 |  714.0 |
       Dungeon |   6936 |   6554 |    382 |    258 |   5110 |   8 |  867.0 |
        Temple |     27 |     18 |      9 |      0 |      0 |   1 |   27.0 |
       Ossuary |    176 |    176 |      0 |      0 |    106 |   1 |  176.0 |
               +--------+--------+--------+--------+--------+-----+--------+

Top non-repeatable levels by time:
     D:5: 1259 daAuts
     D:7: 1055 daAuts
     D:4: 968 daAuts
     D:2: 846 daAuts
     D:1: 766 daAuts
     D:3: 709 daAuts
     D:8: 688 daAuts
     D:6: 641 daAuts
 Ossuary: 176 daAuts
  Temple: 27 daAuts
